 Dungeon Crawl Stone Soup version 0.27.1-2-g3b301248ec (webtiles) character file.

Game seed: 14995834219351231071

238 Dexcius the Chopper (level 5, -12/47 HPs)
             Began as a Minotaur Berserker on Sept 26, 2021.
             Was a Believer of Trog.
             Mangled by an orc (15 damage)
             ... on level 3 of the Dungeon.
             The game lasted 00:09:03 (2234 turns).

Dexcius the Chopper (Minotaur Berserker)            Turns: 2234, Time: 00:09:04

Health: -12/47     AC: 12    Str: 23    XL:     5   Next: 78%
Magic:  4/4        EV: 10    Int:  4    God:    Trog [**....]
Gold:   136        SH:  5    Dex:  9    Spells: 4/4 levels left

rFire    . . .     SeeInvis .   a - +0 hand axe (drain)
rCold    . . .     Faith    .   (no shield)
rNeg     . . .     Spirit   .   g - +0 scale mail
rPois    .         Reflect  +   (helmet restricted)
rElec    .         Harm     .   (no cloak)
rCorr    .         Rampage  .   (no gloves)
Will     .....                  e - +0 pair of boots
Stlth    ..........             c - amulet of reflection
HPRegen  0.15/turn              b - +4 ring of protection
MPRegen  0.09/turn              (no ring)

@: no status effects
A: horns 2, retaliatory headbutt
a: Renounce Religion, Berserk, Trog's Hand


You were on level 3 of the Dungeon.
You worshipped Trog.
Trog was pleased with you.
You visited 1 branch of the dungeon, and saw 3 of its levels.

You collected 136 gold pieces.

Inventory:

Hand Weapons
 a - a +0 hand axe of draining (weapon)
Armour
 e - a +0 pair of boots (worn)
 g - a +0 scale mail (worn)
Jewellery
 b - a +4 ring of protection (left hand)
 c - an amulet of reflection (around neck)
Scrolls
 d - a scroll of enchant armour {unknown}
 f - a scroll of fear {unknown}
Potions
 h - a potion of attraction {unknown}


   Skills:
 + Level 4.8 Fighting
 + Level 5.4 Axes
 + Level 4.0 Armour
 + Level 3.1 Dodging
 + Level 0.4 Stealth
 + Level 1.3 Shields


You had 4 spell levels left.
You didn't know any spells.
Your spell library was empty.

Dungeon Overview and Level Annotations

Branches:
Dungeon (3/15)

Altars:
Kikubaaqudgha


Innate Abilities, Weirdness & Mutations

You have a pair of horns on your head.
You reflexively headbutt those who attack you in melee.


Message History

Something hits you but does no damage.
You miss something. You headbutt something. Trog accepts your kill.
Trog appreciates your killing of a magic user.
Reactivating autopickup.
You feel a bit more experienced.
You closely miss the orc. The orc closely misses you.
Your Armour skill increases to level 4!
You hit the orc.
You kill the orc!
Trog accepts your kill.
You start resting.
An orc comes into view. It is wielding a +0 short sword.
The orc shouts!
You hear a shout!
You see here a +0 hand axe.
You hit the orc. You drain the orc.
You kill the orc!
Trog accepts your kill.
An orc comes into view.
It is wielding a +0 war axe of electrocution.
You see here a +0 short sword.
An orc priest comes into view. It is wielding a +0 club.
The orc shouts!
The orc priest shouts!
An orc comes into view. It is wielding a +1 dagger of draining.
You see here a +0 short sword.
The orc priest looks braver for a moment.
You block the orc's attack.
The orc hits you with a +0 war axe of electrocution.
You hit the orc priest.
The orc priest is moderately wounded.
You slash the orc!
The orc priest begins to cast a cantrip, but forgets the words!
The orc misses you.
You barely miss the orc priest.
The orc priest is moderately wounded.
You barely miss the orc.
The orc priest invokes the aid of Beogh against you.
Beogh smites you!
* * * LOW HITPOINT WARNING * * *
The orc hits you but does no damage.
You are electrocuted!
You die...

#............
####..########
#...).....## #
#..)8...8..## .#
#...........#..#
#..........⌠#..#
#...........#..#
#...8.o.8..##..#
#....o@...## ?#
#o.#########. .#
####.).......... #
###.o...)).....##
.o..o..........###.#
....##.#######.# ..
#.#.$...#.## #
#.#.$...#..#[...
#.#.._$.†........


You could see an orc priest and 2 orcs.

Vanquished Creatures
  3 orc priests (D:3)
  2 orc wizards (D:3)
  3 adders
  A worm (D:2)
  A dart slug (D:2)
  8 orcs (D:3)
  7 bats
  3 giant cockroaches
  4 goblins
  2 hobgoblins
  8 jackals
  7 quokkas
  2 ball pythons
  9 frilled lizards
  4 kobolds
  3 rats
67 creatures vanquished.

Notes
Turn   | Place    | Note
-------+----------+-------------------------------------------
     0 | D:1      | Dexcius the Minotaur Berserker began the quest for the Orb.
     0 | D:1      | Reached XP level 1. HP: 19/19 MP: 0/0
    67 | D:1      | You fall into a shaft and drop 1 floor!
   450 | D:1      | Reached XP level 2. HP: 27/27 MP: 1/1
   453 | D:1      | Found a faded altar of an unknown god.
   834 | D:1      | Reached skill level 4 in Axes
   874 | D:1      | Reached XP level 3. HP: 33/33 MP: 2/2
  1059 | D:1      | Reached ** piety under Trog
  2052 | D:3      | Reached XP level 4. HP: 41/41 MP: 3/3
  2085 | D:3      | Reached skill level 1 in Shields
  2108 | D:3      | Reached XP level 5. HP: 47/47 MP: 4/4
  2112 | D:3      | Reached skill level 5 in Axes
  2159 | D:3      | Found an ancient bone altar of Kikubaaqudgha.
  2234 | D:3      | Mangled by an orc

Illustrated notes

Levels and vault maps discovered:
D:1:      dpeg_arrival_signposts, layout_loops_ring,
          hellmonk_ecumenical_altar_dog_temple
D:2:      layout_basic
D:3:      cheibrodos_pilgrimage, layout_basic, amcnicky_altar_gilded

Skill      XL: |  1  2  3  4  5 |
---------------+----------------+-----
Fighting       | 4 |  4.8
Axes           | 4 5 |  5.4
Armour         | 3 4 |  4.0
Dodging        | 3 |  3.1
Shields        | 1 |  1.3
Stealth        | |  0.4

Action                   |  1- 3 |  4- 6 || total
-------------------------+-------+-------++-------
Melee: Hand axe          |   100 |    52 ||   152
       Headbutt          |    16 |     7 ||    23
  Use: Scroll            |     5 |       ||     5
       Potion            |     1 |       ||     1
Armor: Animal skin       |     4 |       ||     4
       Scale mail        |    22 |    32 ||    54
Dodge: Dodged            |    58 |    13 ||    71
Block: Other             |    25 |     9 ||    34
